[Event "Early-Titled-Tuesday-Blitz-February-27-2024"]
[Site "Chess.com"]
[Date "2024.02.27"]
[Round "5"]
[White "ozates"]
[Black "Chessbard1972"]
[Result "1-0"]
[WhiteElo "2614"]
[BlackElo "2458"]
[TimeControl "180+1"]
[EndTime "8:54:57 PST"]
[Termination "ozates won on time"]

1. e4 c5 2. Nf3 a6 3. c4 e6 4. Nc3 Qc7 5. d4 cxd4 6. Nxd4 Nf6 7. a3 b6 8. Be2 Bb7 9. f3 Nc6 10. Be3 Ne5 11. O-O Ng6 12. Qd2 h5 13. h3 h4 14.
Rac1 Bd6 15. Kh1 Nh5 16. Ndb5 Ng3+ 17. Kg1 axb5 18. Nxb5 Nxe2+ 19. Qxe2 Qb8 20. Rfd1 Be7 21. Bxb6 O-O 22. Rxd7 Bc6 23. Ba7 Rxa7 24. Rxa7 Bc5+ 25. Kh1 Bxa7 26. Nxa7 Qxa7 27. b4 Nf4 28. Qd2 e5 29. b5 Bd7 30. a4 f5 31. c5 fxe4 32. fxe4 Be6 33. a5 Qf7 34. c6 Qg6 35. c7 Qxe4 36.
b6 Bc8 37. Re1 Qc6 38. Rc1 Qb7 39. Kh2 e4 40. Qe3 Nd5 41. Qxe4 Bf5 42. Qf3 Be6 43.
Qe4 Qc8 44. b7 Qxb7 45. Qxe6+ Kh8 46. c8=Q Rxc8 47. Rxc8+ Kh7 48. Qf5+ g6 49. Qf8 g5 50. Qg8+ Kh6 51. Qh8+ Kg6 52. Rg8+ Kf5 53. Rf8+ Ke4 54.
Re8+ Kd3 55. Qe5 Nf4 56. Qe3+ Kc2 57. Qe4+ Qxe4 58. Rxe4 1-0

[Event "Early-Titled-Tuesday-Blitz-February-27-2024"]
[Site "Chess.com"]
[Date "2024.02.27"]
[Round "5"]
[White "burbur555"]
[Black "GrotBchess"]
[Result "1-0"]
[WhiteElo "2561"]
[BlackElo "2384"]
[TimeControl "180+1"]
[EndTime "8:54:57 PST"]
[Termination "burbur555 won by checkmate"]

1. c4 e6 2. g3 d5 3. Bg2 Nf6 4. Nf3 Be7 5. O-O O-O 6. d4 c6 7. b3 b6 8. Ne5 Bb7 9. Bb2 Nbd7 10. Nxd7 Qxd7 11. Nc3 c5 12. dxc5 Bxc5 13. cxd5 Nxd5 14.
Nxd5 Bxd5 15. Bxd5 exd5 16. e3 Rad8 17. Bd4 Bxd4 18.
Qxd4 Rfe8 19. Rfd1 Re4 20. Qd3 h5 21. h4 Qe6 22. Rac1 g6 23. Qc3 Qf5 24. Rd4 Qf3 25.
Rcd1 Rde8 26. R1d3 R8e5 27. Rxd5 Rxd5 28. Rxd5 Re8 29.
Qd3 Qf6 30. Qd4 Qf3 31. Rd7 Rc8 32. Rd8+ Rxd8 33. Qxd8+ Kg7 34. Qd4+ Kg8 35. Qd6 Qb7 36. Qe5 Qa6 37. a4 Qb7 38. e4 a5 39. Qd5 Qc7 40.
e5 Kg7 41. e6 fxe6 42. Qxe6 Qc1+ 43. Kg2 Qc5 44. Qc4 Qe5 45. Qc6 Qd4 46. Qf3 Qc5 47. Qe4 Qd6 48. Kf3 Kf6 49. Qf4+ Qxf4+ 50. Kxf4 Ke6 51.
f3 Kf7 52. g4 Kf6 53. gxh5 gxh5 54. Ke4 Ke6 55. f4 Kf6 56. f5 Kf7 57. Ke5 Ke7 58. f6+ Kf7 59. Kf5 Kf8 60. Ke6 Ke8 61. f7+ Kf8 62.
Kf6 b5 63. axb5 a4 64. b6 a3 65. b7 a2 66. b8=Q# 1-0

[Event "Early-Titled-Tuesday-Blitz-February-27-2024"]
[Site "Chess.com"]
[Date "2024.02.27"]
[Round "5"]
[White "thebeast2900"]
[Black "VinzentSpitzl"]
[Result "0-1"]
[WhiteElo "2300"]
[BlackElo "2529"]
[TimeControl "180+1"]
[EndTime "8:54:57 PST"]
[Termination "VinzentSpitzl won on time"]

1. e4 c5 2. Nf3 d6 3. d4 cxd4 4. Nxd4 Nf6 5. Nc3 a6 6. Be3 e5 7. Nf3 Be7 8. Bc4 Nc6 9. a4 O-O 10. O-O Nb4 11. a5 Be6 12. Bb6 Qd7 13. Bxe6 Qxe6 14.
Qe2 d5 15. exd5 Nfxd5 16. Nxd5 Nxd5 17. Qxe5 Qxe5 18. Nxe5 Nxb6 19. axb6 Rfe8 20. Nd3 Rac8 21. c3 Rc6 22. Rfe1 Rxb6 23. Re2 Re6 24. Rxe6 fxe6 25. Re1 Bd6 26. f4 Kf7 27. g3 Kf6 28. Kg2 Rd8 29.
Kf3 h5 30. Ke4 Rc8 31. Ne5 Bxe5 32. fxe5+ Ke7 33. Rd1 Rc4+ 34. Rd4 Rc5 35. Kf4 a5 36.
Re4 Rb5 37. Re2 g6 38. Kg5 Kf7 39. Rf2+ Kg7 40. Kf4 a4 41. Ke4 Rd5 42. Rf6 Rd2 43. Rxe6 Rxb2 44. Re8 a3 45. Ra8 a2 46. Kd5 Kf7 47. Kd6 Rd2+ 48. Kc7 b5 49. Ra7 Ke6 50. Kc6 Rb2 51. Kc5 Kxe5 0-1

[Event "Early-Titled-Tuesday-Blitz-February-27-2024"]
[Site "Chess.com"]
[Date "2024.02.27"]
[Round "5"]
[White "deribas12345"]
[Black "Mops_2004"]
[Result "0-1"]
[WhiteElo "2571"]
[BlackElo "2831"]
[TimeControl "180+1"]
[EndTime "8:54:59 PST"]
[Termination "Mops_2004 won on time"]

1. d4 g6 2. c4 Bg7 3. e4 d6 4. Nc3 e5 5. d5 a5 6. Nge2 Na6 7. Ng3 Qh4 8. Be2 Bd7 9. Be3 h5 10. Qd2 Bh6 11. O-O Bf4 12. Bf3 Nh6 13. Bxf4 Qxf4 14. Qxf4 exf4 15. Nge2 g5 16. Bxh5 Ng8 17. Bf3 g4 18. Bxg4 Bxg4 19. Nxf4 Nf6 20. f3 Bd7 21. g4 O-O-O 22. Kg2 Rdg8 23. Rh1 Bxg4 24. fxg4 Rxg4+ 25. Kf3 Rhh4 26. Nce2 Nc5 27. h3 Rg5 28. Rag1 Re5 29. Rg7 Ncxe4 30. Rhg1 Nd2+ 31. Kg3 Rh6 32. Rd1 Nfe4+ 33.
Kg2 Rf6 34. b3 a4 35. Rg8+ Kd7 36. Rg7 axb3 37. axb3 Nxb3 38. Ne6 Nec5 39. Ng3 Nxe6 40. dxe6+ Kxe6 41. h4 Nc5 42. h5 Ne4 43. Rh1 Rf2+ 44.
Kh3 Rf3 45. Kg2 Rf2+ 46. Kh3 Ng5+ 47. Kg4 f6 48. h6 Rd2 49. Kh5 Rg2 0-1

[Event "Early-Titled-Tuesday-Blitz-February-27-2024"]
[Site "Chess.com"]
[Date "2024.02.27"]
[Round "5"]
[White "UK_23"]
[Black "mightysmasher"]
[Result "0-1"]
[WhiteElo "2354"]
[BlackElo "2555"]
[TimeControl "180+1"]
[EndTime "8:55:00 PST"]
[Termination "mightysmasher won on time"]

1. e4 e6 2. d4 d5 3. e5 c5 4. c3 Nc6 5. Nf3 Qb6 6. Be2 Bd7 7.
O-O cxd4 8. cxd4 Nge7 9. Na3 Nf5 10. Nc2 Rc8 11. g4 Nh6 12. h3 Ng8 13. a3 Nge7 14. Bd3 h5 15. Kg2 g6 16. Rb1 Bg7 17. Bg5 Na5 18. Bf6 Bxf6 19. exf6 Nec6 20. Re1 Nb3 21. Bf1 Nca5 22. Ne5 Nc6 23. f4 Nxe5 24. fxe5 Ba4 25.
Qd3 Nd2 26. Nb4 Nxb1 27. Rxb1 a5 28. Na2 Bc2 29. Qb5+ Qxb5 30. Bxb5+ Kf8 31. Rc1 Be4+ 32. Kg3 Rxc1 33. Nxc1 hxg4 34. hxg4 Rh1 35. Nb3 Rb1 36. Nxa5 Rxb2 37. a4 b6 38. Nc6 g5 39. Nb8 Rb3+ 40.
Kf2 Rf3+ 41. Ke2 Ra3 42. Nd7+ Kg8 43. Nxb6 Bf3+ 44. Kd2 Bxg4 45. Kc2 Bf5+ 46. Kb2 Re3 47. a5 Re1 48. Ka2 Rb1 49. Ba4 g4 50. Bb3 g3 51.
a6 g2 52. a7 g1=Q 53. a8=Q+ Kh7 54. Ka3 Ra1+ 55. Ba2 Qc1+ 56. Kb4 Qb2+ 57. Kc5 Rxa2 58. Qf8 Qa3+ 0-1

[Event "Early-Titled-Tuesday-Blitz-February-27-2024"]
[Site "Chess.com"]
[Date "2024.02.27"]
[Round "5"]
[White "lluiss"]
[Black "maurovargas01"]
[Result "1-0"]
[WhiteElo "2171"]
[BlackElo "1870"]
[TimeControl "180+1"]
[EndTime "8:55:01 PST"]
[Termination "lluiss won on time"]

1. Nf3 Nc6 2. d4 d5 3. c4 e6 4. g3 f5 5. Bg5 Nf6 6. cxd5 exd5 7. Bg2 h6 8. Bxf6 Qxf6 9. O-O Bd6 10. Nc3 Be6 11.
Ne5 Nxe5 12. dxe5 Qxe5 13. Nxd5 O-O 14. Nf4 Bc8 15. Qb3+ Kh7 16. h4 g5 17. hxg5 hxg5 18. Nd3 Qd4 19. e3 Qg4 20. Rac1 Kg6 21. Rc4 f4 22. exf4 gxf4 23. Be4+ Bf5 24. Bxf5+ Rxf5 25. Qxb7 Rh8 26. Qg2 f3 27. Rxg4+ Kf6 28. Qh2 Rxh2 29. Kxh2 Rh5+ 30. Kg1 Kf5 31. Rf4+ Bxf4 32. Nxf4 Rh6 33. Rc1 Rh7 34. Rc5+ Kg4 35. Rc4 Rd7 36. Nd5+ Kh3 37. Ne3 Rh7 38. Rh4+ Rxh4 39. gxh4 Kxh4 40. Nf5+ Kg4 41. Ne7 Kf4 42. Nd5+ Ke4 43. Nxc7 Kd3 44. Kh2 Kc2 45. b4 Kb2 46. b5 Kxa2 47. Nd5 Kb3 48. Kg3 Kc4 49. b6 axb6 50. Nxb6+ Kc5 51. Na4+ Kd4 52. Nb2 Ke4 53. Nd1 1-0

[Event "Early-Titled-Tuesday-Blitz-February-27-2024"]
[Site "Chess.com"]
[Date "2024.02.27"]
[Round "5"]
[White "Rurep26"]
[Black "Nouali_Mohamed"]
[Result "1-0"]
[WhiteElo "2701"]
[BlackElo "2542"]
[TimeControl "180+1"]
[EndTime "8:55:02 PST"]
[Termination "Rurep26 won by checkmate"]

1. d4 Nf6 2. Bf4 g6 3. Nc3 Bg7 4. e4 O-O 5. Qd2 d5 6. e5 Ne4 7. Nxe4 dxe4 8. Ne2 c5 9. dxc5 Qxd2+ 10. Bxd2 Bxe5 11.
Bc3 Nc6 12. Bxe5 Nxe5 13. Nc3 f5 14. Nd5 Kf7 15. Nc7 Rb8 16. Nb5 a6 17. Nd4 Bd7 18. f4 exf3 19. gxf3 Rfd8 20. f4 Bc6 21. Nxc6 Nxc6 22.
Bc4+ Kf6 23. c3 e5 24. Rf1 exf4 25. Rxf4 Ne5 26. Be2 g5 27. Rb4 Nd3+ 28. Bxd3 Rxd3 29.
Rb6+ Kg7 30. Re6 Kf7 31. Re2 Rc8 32. Kf1 Rxc5 33. Rae1 Kg6 34. Re7 b5 35. R1e6+ Kh5 36. Rxa6 Kg4 37. Re2 f4 38. Rae6 Rc4 39. Kf2 h5 40.
R6e5 Kh4 41. Rxb5 Rh3 42. Kg1 Rc6 43. Rd5 Rb6 44. a4 Ra6 45. a5 Ra8 46. Rg2 Re3 47. Rgxg5 Re1+ 48. Kf2 Rb1 49. Kf3 Rf1+ 50. Kg2 Rb1 51.
Rxh5+ Kg4 52. h3# 1-0

[Event "Early-Titled-Tuesday-Blitz-February-27-2024"]
[Site "Chess.com"]
[Date "2024.02.27"]
[Round "5"]
[White "claudyna16"]
[Black "azikom"]
[Result "0-1"]
[WhiteElo "2462"]
[BlackElo "2626"]
[TimeControl "180+1"]
[EndTime "8:55:02 PST"]
[Termination "azikom won by checkmate"]

1. Nf3 c6 2. b3 d5 3. Bb2 Bg4 4. g3 Bxf3 5. Bg2 e6 6. Bxf3 Nf6 7. O-O a5 8. a4 Na6 9. d3 Nb4 10. Bg2 Be7 11. Nd2 O-O 12. e4 Qc7 13. Qe2 Nxc2 14. Rac1 Nb4 15. e5 Nd7 16. f4 Qb6+ 17. Kh1 Bc5 18. Nf3 Be3 19. Rce1 d4 20. Bc1 Rad8 21.
Bxe3 dxe3 22. d4 Nd5 23. Qc4 Qb4 24. Ng5 h6 25. Ne4 N7b6 26. Qd3 Rfe8 27. Bh3 Nc7 28.
Qxe3 Rxd4 29. Nd6 Ncd5 30. Qf3 Rf8 31. f5 exf5 32. Nxf5 Rd2 33. Re4 Qc3 34. Qg4 g6 35.
Nxh6+ Kg7 36. e6 Nf6 37. Nf5+ Kg8 38. Ne7+ Kg7 39. Nf5+ Kg8 40. Qg5 Nxe4 41. exf7+ Rxf7 42. Qxg6+ Kf8 43. Qh6+ Ke8 44. Qg6 Kd8 45. Qxf7 Nf2+ 46. Kg1 Nxh3+ 47. Kh1 Nf2+ 48. Kg1 Qf3 49. Qe7+ Kc8 50. Nd6+ Rxd6 51. Qxd6 Nh3# 0-1

[Event "Early-Titled-Tuesday-Blitz-February-27-2024"]
[Site "Chess.com"]
[Date "2024.02.27"]
[Round "5"]
[White "kids2010"]
[Black "ansko1999"]
[Result "0-1"]
[WhiteElo "2895"]
[BlackElo "2739"]
[TimeControl "180+1"]
[EndTime "8:55:03 PST"]
[Termination "ansko1999 won by resignation"]

1. e4 e5 2. Nf3 Nc6 3. Bb5 a6 4.
Ba4 d6 5. O-O Bd7 6. c3 Nge7 7. d4 Ng6 8. Re1 Be7 9. Nbd2 h6 10.
Nf1 Bg5 11. Ng3 Bxc1 12. Rxc1 O-O 13. Qd2 a5 14. Nf5 Rb8 15. Rcd1 b5 16. Bb3 a4 17. Bd5 Nce7 18. Nxe7+ Qxe7 19. dxe5 dxe5 20. a3 c6 21. Ba2 Bg4 22. Qe3 Rfd8 23. h3 Be6 24. Bxe6 Qxe6 25. Qc5 f6 26. g3 Qxh3 27. Rxd8+ Rxd8 28. Qxc6 Nf4 29. gxf4 Qxf3 30. fxe5 Qg4+ 31. Kh1 Rd3 32. Re3 Rd1+ 33. Kh2 Qg1+ 34. Kh3 Qh1+ 35. Kg4 Qg2+ 36.
Rg3 Qxf2 37. Qc8+ Kh7 38. Qf5+ Qxf5+ 39. Kxf5 Rf1+ 40. Ke6 fxe5 41. Kxe5 h5 42. Kd6 Rd1+ 43. Ke6 h4 44. Rg4 Rh1 45. e5 Kh6 46. Kf5 Rf1+ 47. Ke4 g5 48. Kd5 Rd1+ 49. Kc6 Re1 50. Kd6 Kh5 51.
Rd4 h3 52. e6 h2 53. e7 Rxe7 54. Kxe7 h1=Q 55. Kd6 Qg2 56. Kc5 Qxb2 57. Rb4 Qxa3 58.
Kxb5 Qxc3 59. Rxa4 Qb3+ 60. Ka6 Qxa4+ 0-1

[Event "Early-Titled-Tuesday-Blitz-February-27-2024"]
[Site "Chess.com"]
[Date "2024.02.27"]
[Round "5"]
[White "Chesstiger64"]
[Black "Egor_Koshulyan"]
[Result "0-1"]
[WhiteElo "2355"]
[BlackElo "2656"]
[TimeControl "180+1"]
[EndTime "8:55:03 PST"]
[Termination "Egor_Koshulyan won on time"]

1. d4 Nf6 2. Nf3 d5 3. e3 c5 4. c3 cxd4 5. exd4 Nc6 6. Bd3 Bg4 7. Nbd2 e6 8. O-O Bd6 9. Re1 O-O 10. Nf1 Rb8 11. Bg5 b5 12. a3 a5 13. Ng3 h6 14.
Bxf6 Qxf6 15. Re3 b4 16. axb4 axb4 17. h3 Bxg3 18. fxg3 Bf5 19. g4 Bxd3 20. Qxd3 bxc3 21. bxc3 Rb3 22. Rf1 Qe7 23. Qc2 Ra3 24. Ne5 Nxd4 25.
Qd2 Nb3 26. Qb2 Na5 27. Kh1 Ra4 28. Ref3 Nc4 29. Nxc4 Rxc4 30. Qd2 Qc7 31. g5 hxg5 32. Qxg5 Rxc3 33. Rxc3 Qxc3 34. Rf3 Qe1+ 35. Kh2 f6 36.
Qg4 Rf7 37. Ra3 Qe5+ 38. Kh1 Qg5 39. Ra8+ Kh7 40. Qxe6 Qc1+ 41. Kh2 Qf4+ 42. Kh1 Rc7 43. Qg8+ Kg6 44. Qe8+ Kg5 45. Ra1 Rc1+ 46. Rxc1 Qxc1+ 47. Kh2 Qf4+ 48. Kh1 d4 49. Qd7 g6 50. Qd5+ Qe5 51. Qf3 Qe3 52. Qd5+ Kh4 53. Kh2 Qe5+ 54. g3+ Qxg3+ 55. Kh1 Qxh3+ 56. Kg1 Qg3+ 57. Kh1 Qe1+ 58. Kg2 Qe2+ 59. Kh1 Qe5 0-1

[Event "Early-Titled-Tuesday-Blitz-February-27-2024"]
[Site "Chess.com"]
[Date "2024.02.27"]
[Round "5"]
[White "Mikhail_Golubev"]
[Black "ilqar_74"]
[Result "0-1"]
[WhiteElo "2613"]
[BlackElo "2820"]
[TimeControl "180+1"]
[EndTime "8:55:05 PST"]
[Termination "ilqar_74 won on time"]

1. e4 c5 2. Nf3 d6 3. d4 cxd4 4.
Nxd4 Nf6 5. Nc3 e5 6. Bb5+ Bd7 7. Bxd7+ Qxd7 8. Nde2 Qc6 9. O-O Nxe4 10. Nd5 Nd7 11. Be3 Nef6 12. Nec3 Nxd5 13. Qxd5 Nf6 14. Qd3 Be7 15. Bg5 Ng8 16. Bxe7 Nxe7 17. Rad1 Rd8 18. Nb5 O-O 19. Nxa7 Qa6 20. Nb5 Qxa2 21. Nxd6 Qxb2 22. Rb1 Qd4 23. Qxd4 exd4 24. Nxb7 Rd5 25. Rfe1 Nf5 26. Ra1 h5 27. Ra5 Rd7 28. Nc5 Rd5 29. Rb1 Rc8 30. Nb3 Rxa5 31. Nxa5 Rxc2 32. g3 g5 33. Nb3 Rc3 34. Nd2 Rd3 35. Ne4 g4 36. Nf6+ Kf8 37. Nxh5 Rc3 38. Nf6 d3 39. Rd1 Nd4 40. Nxg4 d2 41. Ne3 Nb3 42. Kg2 Kg7 43. h4 Kg6 44. Kf3 f5 45. Ke2 Rc8 46. Nf1 Re8+ 47.
Kd3 Re1 48. Kc2 Nd4+ 49. Kxd2 Nf3+ 50. Kc1 Re2 51. Rd6+ Kf7 52. Rd1 Rxf2 53. Nd2 Nd4 54. Kb1 Kf6 0-1

[Event "Early-Titled-Tuesday-Blitz-February-27-2024"]
[Site "Chess.com"]
[Date "2024.02.27"]
[Round "5"]
[White "koncheto"]
[Black "Yeritsyaan"]
[Result "1-0"]
[WhiteElo "2464"]
[BlackElo "2591"]
[TimeControl "180+1"]
[EndTime "8:55:06 PST"]
[Termination "koncheto won by checkmate"]

1. e4 e6 2. d4 a6 3. Bd3 d5 4.
Nd2 c5 5. exd5 Qxd5 6. dxc5 Nf6 7. Ngf3 Bxc5 8. O-O O-O 9. Qe2 Nc6 10. c3 b5 11. Ne4 Be7 12. Nfg5 h6 13. Nxf6+ Bxf6 14. Nh7 Rd8 15. Nxf6+ gxf6 16. Be4 Qd6 17. Bxh6 f5 18.
Qh5 e5 19. Qg5+ Qg6 20. Bxc6 Be6 21. Qxg6+ fxg6 22. Bxa8 Rxa8 23. Rfd1 Kf7 24. b3 Rc8 25. Rac1 f4 26. Bg5 Bg4 27. f3 Bf5 28. Bh4 Ke6 29.
Bf2 a5 30. c4 b4 31. c5 g5 32.
c6 Ke7 33. c7 e4 34. fxe4 Bg4 35. Rd8 Rxd8 36. cxd8=Q+ Kxd8 37. Bb6+ Kd7 38. Bxa5 Be2 39. Bxb4 Ke6 40. a4 Ke5 41. a5 Ba6 42. Re1 g4 43.
Bd2 Bd3 44. Kf2 Bb5 45. g3 f3 46. Bf4+ Kd4 47. e5 Kc5 48. e6 Be8 49. a6 Kb6 50.
Ra1 Ka7 51. Be3+ Ka8 52. b4 Bb5 53. Ra5 Be8 54. b5 Bg6 55. b6 Be4 56. b7+ Kb8 57.
a7+ Kc7 58. b8=Q+ Kc6 59. Qb6# 1-0

[Event "Early-Titled-Tuesday-Blitz-February-27-2024"]
[Site "Chess.com"]
[Date "2024.02.27"]
[Round "5"]
[White "NtcPou"]
[Black "agvania123"]
[Result "0-1"]
[WhiteElo "1998"]
[BlackElo "2397"]
[TimeControl "180+1"]
[EndTime "8:55:06 PST"]
[Termination "agvania123 won by resignation"]

1. e4 d5 2. exd5 Qxd5 3. Nc3 Qd8 4. d4 Nf6 5. Bc4 a6 6. Nf3 b5 7. Bb3 c5 8. dxc5 Qxd1+ 9. Nxd1 e6 10. Be3 Nfd7 11.
a4 b4 12. O-O Bxc5 13. Re1 Bb7 14. Nd4 Nc6 15. c3 bxc3 16. bxc3 Nxd4 17. Bxd4 Bxd4 18.
cxd4 Nf6 19. Nb2 O-O 20. Nd3 Rfd8 21. Nc5 Bd5 22. Bc2 Nd7 23. Rab1 Nxc5 24. dxc5 Rac8 25. Rec1 g6 26. Bb3 Bxb3 27. Rxb3 Rxc5 28. Rcb1 Rdc8 29.
h3 Rc1+ 30. Rxc1 Rxc1+ 31. Kh2 Rc4 32. Ra3 a5 33. Kg3 Kg7 34. Kf3 h5 35. Ke3 g5 36. g3 Kg6 37. Kd3 Rb4 38. Ke3 f5 39.
Kd3 Kf6 40. Ke2 h4 41. Kf3 g4+ 42. hxg4 fxg4+ 43. Kg2 h3+ 44. Kh2 Kf5 45. f3 Rb2+ 46. Kg1 gxf3 47. Rxf3+ Kg4 48. Re3 Rb1+ 49. Kh2 Rb2+ 50.
Kg1 e5 51. Rxe5 Kxg3 52. Re3+ Kf4 53. Re8 Rb4 54. Rf8+ Ke4 55. Re8+ Kd4 56. Kh2 Rxa4 57. Kxh3 Kc3 58. Rb8 Rb4 59. Ra8 a4 60. Kg3 Kb2 61. Kf2 a3 62. Ke2 a2 0-1

[Event "Early-Titled-Tuesday-Blitz-February-27-2024"]
[Site "Chess.com"]
[Date "2024.02.27"]
[Round "5"]
[White "GianmarcoVaR"]
[Black "Lion-Al-Messi"]
[Result "0-1"]
[WhiteElo "2705"]
[BlackElo "2524"]
[TimeControl "180+1"]
[EndTime "8:55:07 PST"]
[Termination "Lion-Al-Messi won by resignation"]

1. e4 e6 2. d4 d5 3. Nc3 Nf6 4. e5 Nfd7 5. f4 c5 6. Nf3 Nc6 7. Be3 a6 8. Qd2 b5 9. Qf2 b4 10. Ne2 c4 11. g4 Be7 12. f5 Bb7 13. Nf4 Nf8 14. Nh5 Rg8 15. Bh3 Qc7 16. g5 exf5 17. Nh4 g6 18. Nf6+ Bxf6 19. gxf6 Ne6 20. Rg1 Rh8 21. c3 O-O-O 22. Qd2 a5 23. Bh6 Rhe8 24. a4 Nxe5 25. dxe5 Qxe5+ 26. Kf1 d4 27. cxb4 axb4 28. Re1 Qc5 29. Bg2 c3 30. Qd3 Qb6 31. Bxb7+ Qxb7 32. Rg2 Nc5 33. Qc4 Rxe1+ 34. Kxe1 Qe4+ 35. Kd1 Qb1+ 36. Bc1 Qd3+ 37. Qxd3 Nxd3 38. Nf3 b3 39. Re2 Rd6 40. Re8+ Kb7 41. Ne5 cxb2 42. Bxb2 Nxb2+ 43. Kd2 Rxf6 44. Re7+ Ka6 45. Rd7 Nxa4 46. Rxd4 Nb6 47. Rb4 Rd6+ 48. Ke2 Re6 49. Rxb3 Rxe5+ 50. Kf3 Rb5 51. Ra3+ Ra5 52. Rd3 Rd5 53. Rc3 Kb7 54. Kf4 Rd4+ 55. Ke5 Re4+ 56. Kf6 Nd5+ 57. Kg5 Nxc3 58. h4 Rg4+ 59. Kf6 f4 60.
Ke5 f3 61. Kf6 f2 62. h5 f1=Q+ 0-1

[Event "Early-Titled-Tuesday-Blitz-February-27-2024"]
[Site "Chess.com"]
[Date "2024.02.27"]
[Round "5"]
[White "Sanan_Sjugirov"]
[Black "Gabrielian_Artur"]
[Result "1/2-1/2"]
[WhiteElo "2976"]
[BlackElo "2798"]
[TimeControl "180+1"]
[EndTime "8:55:09 PST"]
[Termination "Game drawn by repetition"]

1. e4 c5 2. Nf3 d6 3. Bb5+ Bd7 4. Bxd7+ Qxd7 5. O-O Nc6 6. c3 Nf6 7. Qe2 e6 8. d4 cxd4 9. cxd4 d5 10. e5 Ne4 11.
Nbd2 Nxd2 12. Bxd2 Be7 13. g3 Rc8 14. Kg2 a6 15. h4 h6 16. Rac1 O-O 17. Rc3 Na7 18.
Rb3 b5 19. h5 Rc4 20. Rh1 Nc6 21. Rd3 f6 22. Bf4 fxe5 23. Nxe5 Nxe5 24. Bxe5 Bf6 25.
Bxf6 Rxf6 26. b3 Rc8 27. Re1 b4 28. Re3 Rc6 29. Qg4 Rc2 30. R1e2 Rxe2 31. Qxe2 a5 32. Rf3 Rxf3 33. Qxf3 a4 34. Qf4 Qe8 35. Qd6 axb3 36. axb3 Qxh5 37. Qxe6+ Qf7 38. Qd6 Qf5 39. Qxb4 Qe4+ 40.
Kg1 Qb1+ 41. Kh2 Qc2 42. Qb8+ Kh7 43. Qf4 Qxb3 44. Qf5+ Kh8 45. Qf8+ Kh7 46. Qf5+ Kh8 47. Kg2 Qc4 48. Qf8+ Kh7 49. Qf5+ Kg8 50. Qe5 Kf7 51. g4 Qc6 52. Kg3 Qe6 53. Qc7+ Kg6 54.
Qf4 Qf6 55. Qe3 Kf7 56. f3 g5 57. Kg2 Qe6 58. Qd3 Kg7 59. Kf2 Qd6 60. Qf5 Qh2+ 61. Kf1 Qh1+ 62. Kf2 Qh2+ 63. Kf1 Qh1+ 64. Kf2 Qh2+ 1/2-1/2

[Event "Early-Titled-Tuesday-Blitz-February-27-2024"]
[Site "Chess.com"]
[Date "2024.02.27"]
[Round "5"]
[White "JonasEilenberg"]
[Black "MIss_MIaMI"]
[Result "1-0"]
[WhiteElo "2554"]
[BlackElo "2408"]
[TimeControl "180+1"]
[EndTime "8:55:09 PST"]
[Termination "JonasEilenberg won on time"]

1. e4 c5 2. Nf3 e6 3. b3 a6 4. Bb2 Nc6 5. d4 cxd4 6. Nxd4 Nf6 7.
Nd2 Bc5 8. Nxc6 dxc6 9. Bd3 Qc7 10. O-O e5 11. Nc4 Nd7 12. Qh5 Bd4 13. Ba3 c5 14. Rac1 b5 15. c3 bxc4 16. Bxc4 O-O 17. cxd4 exd4 18.
f4 Bb7 19. e5 Qc6 20. Rf2 Rae8 21. Re1 g6 22. Qh3 Nb6 23. Bd3 Qc8 24. f5 Nd5 25. e6 fxe6 26. fxg6 hxg6 27. Bxg6 Qd7 28.
Bxe8 Rxe8 29. Bxc5 Ne3 30. Bxd4 Qxd4 31. Qxe3 Qxe3 32. Rxe3 Bd5 33. h4 Rc8 34. Kh2 Rc1 35.
h5 Kg7 36. Kg3 Kh6 37. Rf6+ Kg5 38. Rfxe6 Bxe6 39. Rxe6 Kxh5 40. Rxa6 Rc2 41. Kh3 Kg5 42. g3 Rc1 43. Ra5+ Kf6 44. Kg4 Rg1 45. b4 Rb1 46. a3 Rb3 47. Kf4 Rc3 48. Ra6+ Kg7 49. g4 Rc4+ 50. Kg5 Kf7 51. Kf5 Rc7 52. g5 Rb7 53. g6+ Kg7 54. Re6 Rb5+ 55. Re5 Rb6 56. Re7+ Kf8 57.
Re6 Rb5+ 58. Kf6 Rh5 59. Ra6 Ke8 60. g7 Rh6+ 61. Kg5 Rxa6 62. g8=Q+ Kd7 63. Qf7+ Kc8 64. Qe8+ Kb7 65. Qb5+ Rb6 66. Qxb6+ Kxb6 67. Kf5 Kb5 68. Ke5 Kb6 69. Kd4 Kb5 70. Kc3 Kb6 71. Kc4 1-0

[Event "Early-Titled-Tuesday-Blitz-February-27-2024"]
[Site "Chess.com"]
[Date "2024.02.27"]
[Round "5"]
[White "Shield12"]
[Black "hurricane7791"]
[Result "1-0"]
[WhiteElo "2973"]
[BlackElo "2721"]
[TimeControl "180+1"]
[EndTime "8:55:10 PST"]
[Termination "Shield12 won by resignation"]

1. b3 e5 2. Bb2 Nc6 3. e3 Nf6 4. Bb5 Bd6 5. Na3 Na5 6. Be2 a6 7. c4 c5 8. Nc2 Nc6 9. Nf3 O-O 10. d4 cxd4 11. exd4 e4 12. Ne5 Re8 13. Ng4 Bc7 14. d5 Ne5 15. Nxe5 Bxe5 16. Bxe5 Rxe5 17. O-O d6 18. Ne3 Bd7 19. Rc1 Rc8 20. b4 Qe7 21.
Qd4 h5 22. c5 Rd8 23. c6 Bc8 24. a4 h4 25. b5 axb5 26. axb5 Rg5 27. Kh1 Nh5 28.
Bxh5 Rxh5 29. Ra1 Re5 30. Ra8 h3 31. g3 Qf6 32. Kg1 Rde8 33. Qd1 bxc6 34. bxc6 Qg5 35. Qe2 f5 36. Nc4 Rxd5 37. Nb6 Rc5 38. Rxc8 Rxc8 39. Nxc8 Rxc6 40. Na7 Rc1 41. Nb5 d5 42. Nd4 Rxf1+ 43. Qxf1 Qf6 44. Qa1 Kh7 45. Qd1 Kg8 46. Ne2 Qe5 47. Qd4 Qxd4 48. Nxd4 g6 49. f4 Kf7 50.
Kf2 Ke7 51. Ke3 Kd6 52. Kd2 Kc5 53. Kc3 Kb6 54. Ne6 Kc6 55. Kd4 Kd6 56. Ng5 1-0

[Event "Early-Titled-Tuesday-Blitz-February-27-2024"]
[Site "Chess.com"]
[Date "2024.02.27"]
[Round "5"]
[White "EvgenyBurmakin"]
[Black "malakismayil"]
[Result "0-1"]
[WhiteElo "2339"]
[BlackElo "2638"]
[TimeControl "180+1"]
[EndTime "8:55:10 PST"]
[Termination "malakismayil won on time"]

1. e4 e5 2. Nf3 Nc6 3. Bb5 a6 4. Ba4 Nf6 5. O-O b5 6. Bb3 Be7 7. Re1 O-O 8. c3 d6 9. h3 h6 10. d4 Re8 11. Nbd2 Bf8 12. Nf1 Qe7 13. Ng3 Na5 14.
Bc2 c5 15. Nf5 Bxf5 16. exf5 Qc7 17. dxe5 dxe5 18. Nd2 Rad8 19. Qf3 Nb7 20. a4 Nd6 21. axb5 axb5 22. Nf1 Nc4 23. Ng3 Nd6 24. Nh5 Nxh5 25. Qxh5 Qe7 26. Qg4 Qf6 27. Ra6 Ra8 28. Rxa8 Rxa8 29.
Be3 Nc4 30. Bc1 Rd8 31. b3 Nb6 32. Be3 Nd5 33. Bd2 Qd6 34. Qe2 Nf6 35. Bc1 Qc6 36.
Qxe5 Bd6 37. Qe2 Re8 38. Qf1 Ra8 39. Qd3 Rd8 40. Qe2 Qc7 41. Be3 Re8 42. Qxb5 Rb8 43. Qd3 Rd8 44. Qe2 Nd5 45. Bd2 Nf6 46. g3 Re8 47. Qf1 Rd8 48. Kg2 Bxg3 49. fxg3 Rxd2+ 50. Re2 Rd8 51. Qf3 Qd6 52. Qe3 Qc6+ 53. Qf3 Qd6 54. Rf2 Nd5 55. g4 Qe5 0-1

[Event "Early-Titled-Tuesday-Blitz-February-27-2024"]
[Site "Chess.com"]
[Date "2024.02.27"]
[Round "5"]
[White "ClauSanLuis"]
[Black "toninhojit"]
[Result "0-1"]
[WhiteElo "2247"]
[BlackElo "2470"]
[TimeControl "180+1"]
[EndTime "8:55:10 PST"]
[Termination "toninhojit won by resignation"]

1. d4 Nf6 2. Bg5 Ne4 3. Bh4 d5 4. f3 Nd6 5. Nc3 c6 6. e4 dxe4 7. fxe4 g6 8. Nf3 Bg7 9. Be2 O-O 10. O-O b5 11. a3 Nd7 12. Qd2 Nb6 13. b3 Bg4 14. Rad1 a5 15. h3 Bd7 16. e5 Nf5 17. Bf2 e6 18. Ne4 Nd5 19. c4 bxc4 20. bxc4 Nb6 21. g4 Ne7 22. Nf6+ Kh8 23. Be3 Ng8 24. Ne4 Be8 25. Nd6 Nc8 26. c5 Nce7 27. Ng5 Nd5 28.
Nge4 f5 29. exf6 Ngxf6 30. Ng5 Qd7 31. Nf3 Nxe3 32. Qxe3 Nd5 33. Qe4 Nc3 34. Qe3 Nxd1 35. Rxd1 e5 36. dxe5 Qe7 37. e6 g5 38. Qxg5 Bf6 39.
Qd2 Bg6 40. Bc4 Bg7 41. Rf1 Rad8 42. Qxa5 Rf6 43. Qe1 Rdf8 44. Qe2 Rf4 45. Ba2 Bd4+ 46. Kg2 Bxc5 47. Nf7+ Bxf7 48. Qe5+ Qf6 49. Qxf6+ Rxf6 50. exf7 Kg7 51. Rc1 Bxa3 52. Nh4 Bxc1 53. Nf5+ Rxf5 54. gxf5 Kf6 55. Bb3 Bh6 56. Kf3 Rb8 57. Kg4 Rxb3 58.
Kh5 Rxh3+ 59. Kg4 Rh1 60. Kg3 Bf8 61. Kg2 Rh6 62. Kf2 Kxf7 0-1

[Event "Early-Titled-Tuesday-Blitz-February-27-2024"]
[Site "Chess.com"]
[Date "2024.02.27"]
[Round "5"]
[White "AlmasRakhmatullaev"]
[Black "Natalya_Buksa"]
[Result "1-0"]
[WhiteElo "2837"]
[BlackElo "2608"]
[TimeControl "180+1"]
[EndTime "8:55:11 PST"]
[Termination "AlmasRakhmatullaev won by checkmate"]

1. e4 c5 2. Nf3 Nc6 3. Bb5 Nf6 4. Qe2 Qc7 5. O-O e5 6. c3 Be7 7. Rd1 O-O 8. Na3 d6 9. h3 h6 10. Nc2 a6 11. Bxc6 Qxc6 12. Re1 b5 13. d4 Qc7 14. a4 Rb8 15. axb5 axb5 16. dxe5 dxe5 17. Ne3 Be6 18. Nf5 Bxf5 19. exf5 e4 20. Nd2 Rbe8 21. Qxb5 Qe5 22. Ra7 Bd6 23. Nf1 Qxf5 24. Be3 Nd5 25. Rd1 Re6 26.
Qc4 Nf4 27. Ng3 Nxh3+ 28. gxh3 Bxg3 29. fxg3 Qf3 30. Re1 Qxg3+ 31. Kf1 Qxh3+ 32. Ke2 Rd6 33. Qxe4 Qh2+ 34. Kf3 Rf6+ 35. Bf4 Qh3+ 36. Ke2 Qg4+ 37. Kd2 Rxf4 38. Qd5 Rf2+ 39. Kc1 Qf4+ 40. Kb1 c4 41.
Ree7 Qb8 42. Reb7 Qf4 43. Ka2 g6 44. Rb6 Kg7 45. Raa6 h5 46. Qb7 h4 47. Rxg6+ Kh7 48.
Rgd6 Rf3 49. Qd5 Rg3 50. Qh5+ Kg7 51. Rh6 Rg6 52. Rh7+ Kg8 53. Rxg6+ fxg6 54. Qxg6# 1-0